[Event "CZE-ch U14 Open 2023"]
[Site "Teplice"]
[Date "2023.03.13"]
[Round "4.2"]
[White "Zelba, Lukas"]
[Black "Stary, Vojtech"]
[Result "1-0"]
[ECO "C00"]
[WhiteElo "1912"]
[BlackElo "1814"]
[Annotator "TA"]
[PlyCount "93"]
[EventDate "2023.03.09"]
[EventType "swiss"]
[EventCountry "CZE"]
[SourceTitle "playchess.com"]
[Source "ChessBase"]
[SourceQuality "1"]
[TimeControl "40/5400+30:1800+30"]

1. d4 e6 2. e4 d5 3. Bd3 Nf6 4. e5 Nfd7 5. Nf3 c5 6. c3 Nc6 7. O-O Be7 {[%emt 0:01:48] C02: French: Advance Variation.} 8. Be3 Qb6 9. Qd2 {[%emt 0:06:22] [#]} cxd4 $146 (9... c4 $11 {keeps the balance.} 10. Be2 O-O) ({Predecessor:} 9... c4 10. Be2 f6 11. exf6 Nxf6 12. Bxc4 dxc4 13. d5 Qa6 14. dxc6 Qxc6 15. Qe2 b5 {1-0 Barrero Garcia,C (2309)-Reis,L (2182) POR-chT Leiria 2017 (1.3)}) 10. cxd4 $16 O-O 11. Nc3 Re8 12. a3 Nf8 13. b4 a6 14. Na4 Qc7 15. Bg5 b6 16. Rfc1 Qb7 17. Bxe7 Rxe7 18. Rc3 {[%emt 0:06:09] White is much more active.} Bd7 19. Qc2 Rc8 20. Rc1 Be8 (20... Ree8 $14 {is more appropriate.}) 21. h3 (21. h4 $16) 21... Rec7 $14 22. Qe2 Ra8 23. Nb2 b5 24. Rc5 (24. Bb1 $16) 24... h6 (24... Nd7 $1 $11) 25. Bb1 Nd7 {[%emt 0:04:13] [#]} 26. Qc2 $1 {[%emt 0:01:48] Strongly threatening Qh7+.} Nxc5 (26... Nf8 27. Nd3) 27. Qh7+ Kf8 {[%emt 0:00:02][%cal Oc5e4] aiming for ...Ne4!} 28. Qh8+ Ke7 29. dxc5 (29. bxc5 $5 g6 30. Qxh6 $14) 29... g6 30. Qxh6 a5 31. Nd3 $36 {[%emt 0:00:17][%cal Bb2d3,Bd3f4,Bf4e6,Be6d4][%mdl 2080] White has good play.} axb4 32. axb4 Rcc8 33. Nf4 {[%emt 0:01:22] Black must now prevent Ng5. Dancing on a razor blade.} Kd8 $1 34. Bxg6 $1 {[%emt 0:00:50][%mdl 64] Deflection} fxg6 {[%emt 0:03:01][%mdl 8192] A mistake that costs the game.} (34... Qe7 $16 35. Bd3 Nxb4) 35. Nxe6+ $18 Kd7 36. Qg7+ Ne7 37. Nfd4 {[%emt 0:02:07] Intending c6+ and mate. A dynamic duo of knights.} Rc6 38. Nxc6 Qxc6 {[%emt 0:00:50] Black is weak on the dark squares} 39. Nd4 Qc7 40. Nxb5 {[%emt 0:01:12] White mates.} Qc6 41. Nd4 Qc7 42. c6+ Kc8 43. Nb5 {[%emt 0:00:00][%mdl 64] Deflection} Qb6 44. Nd6+ Kd8 45. c7+ Kd7 46. c8=Q+ Rxc8 {[%emt 0:00:00] [#]} 47. Qxe7+ {[%emt 0:00:00] Ingenious play by Zelba!   Weighted Error Value: White=0.15 (very precise) /Black=0.33} 1-0

[Event "CZE-ch U14 Open 2023"]
[Site "Teplice"]
[Date "2023.03.13"]
[Round "4.3"]
[White "Hrbek, Jachym"]
[Black "Zrubek, Dan"]
[Result "1-0"]
[ECO "B52"]
[WhiteElo "1824"]
[BlackElo "1752"]
[Annotator "NA RC COMBH"]
[PlyCount "80"]
[EventDate "2023.03.09"]
[EventType "swiss"]
[EventCountry "CZE"]
[SourceTitle "playchess.com"]
[Source "ChessBase"]
[SourceQuality "1"]
[TimeControl "40/5400+30:1800+30"]

1. e4 c5 2. Nf3 d6 3. Bb5+ Bd7 4. Bxd7+ Qxd7 5. c4 Nc6 6. Nc3 Nf6 7. d4 cxd4 8. Nxd4 g6 9. f3 Bg7 10. Be3 O-O 11. Rc1 Rac8 12. b3 Rfd8 13. O-O Ne8 14. Qd2 Nc7 15. Nxc6 Qxc6 16. Nd5 Nxd5 17. exd5 Qc7 18. Rfe1 Rd7 19. Qf2 b6 20. Bf4 Bf6 21. Re2 Qb7 22. Be3 Rdc7 23. a4 Rb8 24. Bd4 Bxd4 25. Qxd4 a6 26. b4 Rbc8 27. f4 a5 28. b5 Rc5 29. f5 Rxd5 30. Qe4 Rc7 31. cxd5 Rxc1+ 32. Kf2 Rd1 33. f6 exf6 34. Qe8+ Kg7 35. Qc6 Qa7 36. Qxd6 Qb7 37. Re8 Kh6 38. Qc6 Qa7 39. d6 Kg7 40. Qc7 Qa8 1-0

[Event "CZE-ch U14 Open 2023"]
[Site "Teplice"]
[Date "2023.03.13"]
[Round "4.4"]
[White "Roubal, Matyas"]
[Black "Zemek, Antonin"]
[Result "0-1"]
[ECO "C02"]
[WhiteElo "1948"]
[BlackElo "1739"]
[Annotator "TA"]
[PlyCount "50"]
[EventDate "2023.03.09"]
[EventType "swiss"]
[EventCountry "CZE"]
[SourceTitle "playchess.com"]
[Source "ChessBase"]
[SourceQuality "1"]
[TimeControl "40/5400+30:1800+30"]

1. e4 e6 2. d4 d5 3. e5 c5 4. c3 Qb6 5. Nf3 Nc6 6. Na3 Bd7 {[%emt 0:02:54] C02: French: Advance Variation.} 7. Nc2 Nge7 8. Be2 Nf5 {[%emt 0:02:21] The position is equal.} 9. g4 Nfe7 10. O-O Ng6 {[%emt 0:03:21] [#]} 11. Nfe1 $146 ({Predecessor:} 11. Be3 c4 12. Rb1 Be7 13. Bg5 Qd8 14. Qd2 f6 15. exf6 gxf6 16. Be3 Qc7 17. h3 {½-½ Paiva,P (1513)-De Moura,V (1799) BRA-ch Amateur 2015 (4)}) 11... f6 12. exf6 gxf6 13. dxc5 Bxc5 14. Nd3 Bd6 $1 15. Be3 Qc7 {[%emt 0:00:54] Black is more active.} 16. f4 {[%emt 0:00:06] [#]} O-O-O $1 17. Nd4 a6 {[%emt 0:05:07] Against Nb5} 18. b4 e5 19. Nxc6 (19. fxe5 $142 fxe5 20. Nf5) 19... Bxc6 $17 20. f5 $2 {[%emt 0:07:03][%mdl 8192] [#] White does not recover from this.} (20. a4 $17 {is tougher.} e4 {[%mdl 64] Deflection} 21. Nc5 Nxf4 22. Kh1 Nxe2 23. Qxe2) 20... d4 $1 $19 {[%emt 0:03:58][%mdl 512] Black is clearly winning.} 21. fxg6 {[%emt 0:11:15] Black must now prevent g7.} (21. b5 axb5) 21... dxe3 22. Qb3 hxg6 23. Qe6+ Kb8 {[%emt 0:00:11] ( -> ...Qh7)} 24. Qxf6 e4 25. Nf4 Rdf8 {[%emt 0:02:17] Weighted Error Value: White=0.65/Black=0.03 (flawless)} ({Avoid the trap} 25... Qh7 $2 26. h4 Qxh4 27. Qxh4 Rxh4 28. Rad1 $19) 0-1

[Event "CZE-ch U14 Open 2023"]
[Site "Teplice"]
[Date "2023.03.13"]
[Round "4.5"]
[White "Babula, Matej"]
[Black "Jasso, Matej"]
[Result "1/2-1/2"]
[ECO "B90"]
[WhiteElo "1796"]
[BlackElo "1934"]
[Annotator "TA"]
[PlyCount "115"]
[EventDate "2023.03.09"]
[EventType "swiss"]
[EventCountry "CZE"]
[SourceTitle "playchess.com"]
[Source "ChessBase"]
[SourceQuality "1"]
[TimeControl "40/5400+30:1800+30"]

1. e4 c5 2. Nf3 d6 3. d4 cxd4 4. Nxd4 Nf6 5. Nc3 a6 6. Bc4 e6 7. Bb3 Be7 8. g4 Nc6 9. g5 Nd7 {[%emt 0:01:52] B86: Sicilian Scheveningen/Najdorf: 6 Bc4, without early ...b5.} 10. Bxe6 Nde5 (10... O-O $1 $14) 11. Nxc6 $1 $16 bxc6 {[%emt 0:01:32] White is better.} 12. Bxc8 Qxc8 13. f4 Ng6 {[%emt 0:01:14] [#]} 14. h4 $146 ({Predecessor:} 14. Be3 Qh3 15. Qe2 Qh4+ 16. Qf2 Qxf2+ 17. Kxf2 Rb8 18. b3 f6 19. h4 Rf8 20. Kg3 {1-0 Caceres Recalde,F (2216)-Lope de Vergara,G (1737) Buenos Aires Duchamp Boca op 3rd 2013 (2)}) 14... h6 15. f5 (15. gxh6 $1 $16 Rxh6 16. h5) 15... Ne5 $14 16. gxh6 gxh6 17. Bf4 Qd8 (17... Qb7 $11 {remains equal.}) 18. Bxe5 Bxh4+ 19. Ke2 dxe5 20. Qxd8+ Bxd8 21. Rad1 Be7 {[%emt 0:03:16] [#] Inhibits Rd6.} 22. f6 $1 {[%emt 0:03:33][%mdl 64] Deflection} Bxf6 23. Rd6 Bg5 24. Rxc6 {[%emt 0:00:10] White has more active pieces. The black rooks are badly placed.} Rd8 {[%emt 0:00:05] Prevents Nd5.} (24... Kd7 $14 25. Rb6 Rhd8) 25. Rxa6 (25. Nd5 $1 $16) 25... Rd2+ $11 26. Kf3 {[%emt 0:00:13] aiming for Ra8+.} O-O $1 27. Rg1 Rxc2 28. Rxh6 f6 29. Nd5 $1 Kg7 30. Rh5 ({White should try} 30. Ne3 $14 Kxh6 31. Nxc2) 30... Rxb2 (30... Kg6 $5 31. Rh4 Rxb2 $11) 31. Rgh1 {[%emt 0:00:55] Rh7+ would kill now.} Kg6 32. Ne7+ Kf7 33. Rh7+ (33. Nf5 $5 Ke6 34. Ng7+ Kd6 35. Rd1+ Rd2 36. Rxd2+ Bxd2 37. Rh2 $11) 33... Ke6 34. Nf5 Rf7 {[%emt 0:00:07] Against Re7+} 35. Rxf7 Kxf7 {[%emt 0:00:08][%mdl 4096] Endgame KRB-KRN} 36. Rh7+ Ke8 (36... Kg6 $11 37. Ra7 Kh5) 37. Nd6+ $14 Kf8 38. Rf7+ Kg8 39. Ra7 Rb6 40. Nf5 {[%emt 0:00:50] Hoping for a4.} Bd2 (40... Rb2 $14) 41. a4 ({White should play} 41. Ne7+ $1 $16 Kf8 42. Nd5) 41... Rb3+ 42. Kg4 {[%emt 0:00:51] Threatens to win with Kh5.} Kf8 $2 ({Better is} 42... Rb1 $1 $14) 43. Kh5 $18 Ke8 44. Kg6 Rb6 (44... Kd8 {was called for.} 45. Kxf6 Rb6+ 46. Kxe5 Kc8) 45. a5 $1 Rc6 {[%emt 0:00:00] [#]} 46. a6 $2 (46. Ne7 $1 $18 {[%cal Re7c6] and the rest is easy.} Rc1 47. Kxf6) 46... Kd8 $16 47. Ne7 Rc7 {[%emt 0:00:00] [#]} 48. Rxc7 ({White has to play} 48. Ra8+ $1 $16 Kxe7 49. a7) 48... Kxc7 {[%emt 0:00:00] KB-KN} 49. Nd5+ (49. a7 {with more complications.} Kb7 50. Nc6 Bg5 51. Kf5) 49... Kb8 50. Kxf6 Ka7 51. Kxe5 Kxa6 52. Kf5 Bc1 53. e5 Kb7 54. e6 {[%emt 0:00:00] Threatening mate with e7.} Ba3 55. Kf6 Kc8 56. Kf7 Kd8 57. e7+ Bxe7 $1 58. Nxe7 {[%emt 0:00:00] White really could win this.   Weighted Error Value: White=0.19 (very precise) /Black=0.30} 1/2-1/2

[Event "CZE-ch U14 Open 2023"]
[Site "Teplice"]
[Date "2023.03.13"]
[Round "4.6"]
[White "Krautschneider, Daniel Jan"]
[Black "Topencik, Bruno"]
[Result "1/2-1/2"]
[ECO "A40"]
[WhiteElo "1679"]
[BlackElo "1844"]
[Annotator "NA RC COMBH"]
[PlyCount "77"]
[EventDate "2023.03.09"]
[EventType "swiss"]
[EventCountry "CZE"]
[SourceTitle "playchess.com"]
[Source "ChessBase"]
[SourceQuality "1"]
[TimeControl "40/5400+30:1800+30"]

1. d4 e6 2. Bf4 Nf6 3. e3 d5 4. c3 Bd6 5. Bg3 c5 6. Nd2 Qc7 7. Ngf3 Nbd7 8. Bd3 b6 9. Qc2 c4 10. Be2 Bb7 11. O-O O-O 12. b3 b5 13. a4 a6 14. axb5 axb5 15. b4 Bxg3 16. hxg3 Ne4 17. Nxe4 dxe4 18. Nd2 f5 19. Qb2 Nf6 20. Rxa8 Rxa8 21. Ra1 Qb8 22. Nb1 Nd5 23. Kf1 Kf7 24. Ke1 g5 25. Rxa8 Qxa8 26. Kd2 Qb8 27. Qc1 f4 28. gxf4 gxf4 29. Qh1 fxe3+ 30. fxe3 Nf6 31. Qh3 Qa8 32. Bd1 Qg8 33. Qh2 Bc8 34. Be2 Bd7 35. Na3 Qa8 36. Nc2 Qa2 37. Qf4 Qa8 38. g4 Ke7 39. g5 1/2-1/2

[Event "CZE-ch U14 Open 2023"]
[Site "Teplice"]
[Date "2023.03.13"]
[Round "4.7"]
[White "Vlcek, Vojtech"]
[Black "Popov, Roman"]
[Result "1/2-1/2"]
[ECO "D31"]
[WhiteElo "1671"]
[BlackElo "2353"]
[Annotator "TA"]
[PlyCount "116"]
[EventDate "2023.03.09"]
[EventType "swiss"]
[EventCountry "CZE"]
[SourceTitle "playchess.com"]
[Source "ChessBase"]
[SourceQuality "1"]
[TimeControl "40/5400+30:1800+30"]

1. d4 d5 2. c4 c6 3. Nc3 e6 4. Nf3 f5 5. g3 Nf6 6. Bg2 Bd6 7. Bf4 O-O 8. O-O Ne4 {[%emt 0:03:35] A90: Dutch Defence: Miscellaneous and Modern Stonewall (with ...Bd6).} 9. Bxd6 Qxd6 10. Ne5 Nd7 11. f4 Ndf6 12. Bxe4 {[%emt 0:02:54] [#]} dxe4 $146 ({Predecessor:} 12... fxe4 13. c5 Qe7 14. b4 Nd7 15. e3 Nxe5 16. fxe5 Rxf1+ 17. Qxf1 b6 18. Na4 b5 {0-1 Ivanov,S (2286)-Ninov,D (2219) Sofia-ch U26 2013 (7)}) 13. e3 b6 14. Rf2 Bb7 15. Rd2 Rad8 16. a3 a6 (16... Qc7 $16) 17. Qb3 c5 {[%emt 0:05:51] [#]} (17... b5 $16) 18. d5 $2 b5 19. Rad1 exd5 {[%emt 0:01:29] [#]} 20. cxb5 (20. a4 $1 $16) 20... Qb6 21. Na4 $1 {[%emt 0:02:14][%cal Bc3a4,Ba4c5,Bc5b3,Bb3d4][%mdl 32] White is much more active. A dynamic duo of knights.} Qxb5 (21... Qd6 $16 {is a better defense.}) 22. Qxb5 $18 {[%emt 0:00:13][%mdl 64] Remove Defender} axb5 23. Nxc5 Bc8 24. Nc6 Rd6 25. Nb4 Rfd8 26. Nb3 g6 27. h3 Kf7 28. Nd4 Bd7 29. Rc2 Rb8 30. Rdc1 Ne8 31. Rc5 Nf6 (31... Ng7 $16 {was called for.} 32. Nbc6 (32. Nxd5 Ne6 $14) (32. Rxd5 Rxd5 33. Nxd5 Ne6 $16) 32... Bxc6) 32. Rc7 Ne8 33. Ra7 Kg8 34. Rc5 Nf6 35. Ra5 h6 36. Kf2 (36. Nxb5 Bxb5 37. Raxb5 (37. Rcxb5 Rxb5 38. Rxb5 d4 $16) 37... Rxb5 38. Rxb5 d4 $16) 36... g5 37. Nxb5 Bxb5 38. Raxb5 (38. Rcxb5 Rc8 39. Rc5 (39. Nxd5 Rc2+ 40. Kg1 Rc1+ 41. Kh2 Rc2+ 42. Kh1 Rc1+ 43. Kh2 Rc2+ 44. Kh1 Rc1+ 45. Kh2 $11) 39... Rxc5 40. Rxc5 Kf7 41. Rc7+ Ke8 $18) 38... Rxb5 39. Rxb5 {[%emt 0:00:04][%mdl 4096] Endgame KRN-KRN} Kg7 40. Rc5 (40. a4 $142) 40... gxf4 41. gxf4 d4 42. exd4 (42. Rxf5 $6 d3 43. Ke1 Rb6 $18) 42... Rxd4 {[%emt 0:00:12] [#]} 43. Ke2 {[%emt 0:00:00] Against Rd2+} (43. Rxf5 Rd2+ 44. Ke3 Rxb2 $14) (43. Ke3 $6 Rd1 44. Rxf5 Rh1 $16) 43... Nh5 44. Ke3 (44. Rxf5 $2 Ng3+ 45. Kf2 Nxf5 $19) 44... Rd1 45. Rxf5 Ng3 46. Re5 {[%emt 0:00:00] Threatens to win with Kf2.} Rf1 (46... Kg6 $142 47. Kf2 {[%mdl 64] Deflection} Nf5 48. Rxe4 Rh1 49. Re6+ Kf7) 47. Nd5 Rf3+ 48. Kd2 Rd3+ 49. Kc2 Nf1 50. Nc3 ({Weaker is} 50. Rxe4 Rxd5 51. a4 Rc5+ 52. Kd3 Rh5 $14) 50... Rxh3 51. Rxe4 ({Less strong is} 51. Nxe4 Rf3 52. Nc3 Ne3+ 53. Kb3 Ng4 $18) 51... h5 52. b4 {[%emt 0:13:31][%cal Bb2b4,Bb4b5][%mdl 32] And now b5 would win.} Rg3 53. b5 Rg6 54. a4 {[%emt 0:01:12] aiming for a5.} h4 55. f5 Rg2+ 56. Kd1 $2 ({Don't do} 56. Kd3 h3 57. Rh4 Rd2+ 58. Ke4 h2) ({White should try} 56. Kc1 $18 h3 57. b6) 56... h3 $1 $11 {[%emt 0:00:36] White must now prevent ...h2. The position is equal.} 57. f6+ Kf7 $1 {[%emt 0:00:56][%cal Oh3h2] Hoping for ...h2!} 58. Ne2 {[%emt 0:02:56] Wards off h2} h2 {[%emt 0:02:16] Weighted Error Value: White=0.27 (precise) /Black=0.31} 1/2-1/2

[Event "CZE-ch U14 Open 2023"]
[Site "Teplice"]
[Date "2023.03.13"]
[Round "4.8"]
[White "Veverka, Vladimir"]
[Black "Ocelak, David"]
[Result "0-1"]
[ECO "A03"]
[WhiteElo "1735"]
[BlackElo "1608"]
[Annotator "NA RC COMBH"]
[PlyCount "52"]
[EventDate "2023.03.09"]
[EventType "swiss"]
[EventCountry "CZE"]
[SourceTitle "playchess.com"]
[Source "ChessBase"]
[SourceQuality "1"]
[TimeControl "40/5400+30:1800+30"]

1. f4 d5 2. e3 c5 3. Nf3 Nf6 4. Be2 Nc6 5. O-O e6 6. b3 Be7 7. Bb2 O-O 8. h3 b6 9. d3 d4 10. e4 Bb7 11. Nbd2 b5 12. Qe1 Qc7 13. Nh2 Nd7 14. g4 Nb4 15. Bd1 f5 16. exf5 e5 17. fxe5 Bg5 18. Nhf3 Be3+ 19. Kh1 Nxe5 20. Qe2 Nxf3 21. Nxf3 Rae8 22. c3 Nxd3 23. Qxd3 Qg3 24. Qc2 Qxh3+ 25. Qh2 Qxf1+ 26. Qg1 Qxg1# 0-1

[Event "CZE-ch U14 Open 2023"]
[Site "Teplice"]
[Date "2023.03.13"]
[Round "4.9"]
[White "Andrle, Filip"]
[Black "Soucek, Andrej"]
[Result "1/2-1/2"]
[ECO "B98"]
[WhiteElo "1721"]
[BlackElo "1679"]
[Annotator "NA RC COMBH"]
[PlyCount "88"]
[EventDate "2023.03.09"]
[EventType "swiss"]
[EventCountry "CZE"]
[SourceTitle "playchess.com"]
[Source "ChessBase"]
[SourceQuality "1"]
[TimeControl "40/5400+30:1800+30"]

1. e4 c5 2. Nf3 d6 3. d4 cxd4 4. Nxd4 Nf6 5. Nc3 a6 6. Bg5 e6 7. f4 Be7 8. Qf3 Qc7 9. O-O-O b5 10. a3 Bb7 11. g4 Nbd7 12. Bxf6 gxf6 13. h4 Rc8 14. g5 Nc5 15. Bd3 Qa5 16. Na2 f5 17. Rhe1 Nxd3+ 18. Qxd3 Bxe4 19. Rxe4 fxe4 20. Qxe4 Qc7 21. h5 d5 22. Qf3 Bc5 23. c3 Qb6 24. Kb1 Bxd4 25. Rxd4 Rc4 26. Rd1 Qc7 27. Rd4 Rxd4 28. cxd4 Qc4 29. Qe3 Kd7 30. Nb4 a5 31. Nd3 Qc7 32. Nc5+ Kc8 33. f5 Qc6 34. fxe6 fxe6 35. g6 hxg6 36. hxg6 Rg8 37. Qh3 Qe8 38. Ka2 Rxg6 39. Qh7 Rg2 40. Qb7+ Kd8 41. Qa7 Qc6 42. Qxa5+ Kc8 43. Qe1 Rc2 44. Qe5 Rxc5 1/2-1/2

[Event "CZE-ch U14 Open 2023"]
[Site "Teplice"]
[Date "2023.03.13"]
[Round "4.10"]
[White "Srba, Daniel"]
[Black "Tichy, Tomas"]
[Result "1-0"]
[ECO "B33"]
[WhiteElo "1509"]
[BlackElo "1810"]
[Annotator "NA RC COMBH"]
[PlyCount "129"]
[EventDate "2023.03.09"]
[EventType "swiss"]
[EventCountry "CZE"]
[SourceTitle "playchess.com"]
[Source "ChessBase"]
[SourceQuality "1"]
[TimeControl "40/5400+30:1800+30"]

1. e4 c5 2. Nf3 Nc6 3. d4 cxd4 4. Nxd4 Nf6 5. Nc3 e5 6. Ndb5 d6 7. Bg5 a6 8. Na3 b5 9. Nd5 Be7 10. Bxf6 Bxf6 11. c3 Bg5 12. Nc2 O-O 13. a4 bxa4 14. Rxa4 a5 15. Bc4 Rb8 16. Ra2 g6 17. O-O Kh8 18. Qe2 Bd7 19. b4 f5 20. b5 Ne7 21. Nxe7 Bxe7 22. exf5 Bxf5 23. Bd5 Bxc2 24. Rxc2 Qb6 25. c4 Rf5 26. Kh1 Rbf8 27. f3 Bd8 28. Qf2 Qxf2 29. Rcxf2 Bb6 30. Ra2 Rf4 31. Rd1 g5 32. Be4 R4f6 33. Rad2 Rd8 34. Rd5 Bd4 35. c5 Kg7 36. c6 Rc8 37. R5xd4 exd4 38. b6 Rf7 39. c7 Rfxc7 40. bxc7 Rxc7 41. Kg1 Rc4 42. Ra1 Rc5 43. Ra4 d5 44. Bf5 h5 45. Rxd4 Kf6 46. Bh7 Ke5 47. Ra4 d4 48. Kf2 h4 49. Bd3 Rd5 50. Bc4 Rc5 51. Ke2 g4 52. fxg4 Kf4 53. Kd3 Rg5 54. Be6 Re5 55. Rxd4+ Kg5 56. Rd5 Rxd5+ 57. Bxd5 Kxg4 58. h3+ Kg3 59. Kc4 a4 60. Kb4 a3 61. Kxa3 Kh2 62. Kb3 Kg3 63. Kc3 Kh2 64. Kd4 Kg3 65. Ke5 1-0

[Event "CZE-ch U14 Open 2023"]
[Site "Teplice"]
[Date "2023.03.13"]
[Round "4.11"]
[White "Hobza, Richard"]
[Black "Striz, Tadeas"]
[Result "1-0"]
[ECO "A05"]
[WhiteElo "1702"]
[BlackElo "1503"]
[Annotator "NA RC COMBH"]
[PlyCount "81"]
[EventDate "2023.03.09"]
[EventType "swiss"]
[EventCountry "CZE"]
[SourceTitle "playchess.com"]
[Source "ChessBase"]
[SourceQuality "1"]
[TimeControl "40/5400+30:1800+30"]

1. Nf3 Nf6 2. g3 b6 3. Bg2 Bb7 4. d4 e6 5. O-O d5 6. c3 Be7 7. Bg5 Nbd7 8. Nbd2 O-O 9. Re1 Ne4 10. Bxe7 Qxe7 11. Nxe4 dxe4 12. Nd2 f5 13. f3 Nf6 14. fxe4 Nxe4 15. Nxe4 Bxe4 16. Bxe4 fxe4 17. Qc2 Qd6 18. Qxe4 Qd5 19. Qxd5 exd5 20. Rf1 Rae8 21. Rxf8+ Kxf8 22. Kf2 Kf7 23. e3 h5 24. Ke2 Ke7 25. Kd3 Kd6 26. Re1 Rf8 27. Ke2 g5 28. Rf1 Rxf1 29. Kxf1 Ke6 30. Ke2 b5 31. b3 Kf5 32. Kd3 c6 33. a4 a6 34. axb5 axb5 35. h3 h4 36. g4+ Ke6 37. e4 Kf6 38. c4 dxe4+ 39. Kxe4 Ke6 40. cxb5 cxb5 41. d5+ 1-0

[Event "CZE-ch U14 Open 2023"]
[Site "Teplice"]
[Date "2023.03.13"]
[Round "4.12"]
[White "Dusanek, Michal"]
[Black "Macosek, Alex"]
[Result "1-0"]
[ECO "B06"]
[WhiteElo "1624"]
[BlackElo "1466"]
[Annotator "NA RC COMBH"]
[PlyCount "47"]
[EventDate "2023.03.09"]
[EventType "swiss"]
[EventCountry "CZE"]
[SourceTitle "playchess.com"]
[Source "ChessBase"]
[SourceQuality "1"]
[TimeControl "40/5400+30:1800+30"]

1. d4 g6 2. e4 Bg7 3. c4 d6 4. Be3 c5 5. Nc3 b6 6. g3 Nc6 7. d5 Ne5 8. h3 Ba6 9. Qa4+ b5 10. Qxa6 bxc4 11. f4 Nd7 12. Bxc4 Rb8 13. Bb5 Rb6 14. Qa4 Ngf6 15. e5 dxe5 16. fxe5 Nh5 17. Bxc5 O-O 18. Bxd7 Rxb2 19. Nge2 Bxe5 20. O-O-O Qb8 21. Qa3 Rb7 22. Bc6 Rc7 23. Bxe7 Rfc8 24. Qb4 1-0

[Event "CZE-ch U14 Open 2023"]
[Site "Teplice"]
[Date "2023.03.14"]
[Round "5.1"]
[White "Juhanak, Daniel"]
[Black "Zemek, Antonin"]
[Result "1-0"]
[ECO "C05"]
[WhiteElo "1952"]
[BlackElo "1739"]
[Annotator "TA"]
[PlyCount "45"]
[EventDate "2023.03.09"]
[EventType "swiss"]
[EventCountry "CZE"]
[SourceTitle "playchess.com"]
[Source "ChessBase"]
[SourceQuality "1"]
[TimeControl "40/5400+30:1800+30"]

1. e4 e6 2. d4 d5 3. Nd2 Nf6 4. e5 Nfd7 5. Bd3 c5 6. c3 Nc6 7. Ne2 a6 8. O-O {[%emt 0:06:18] C06: French Tarrasch: 3...Nf6 4 e5 Nfd7 5 Bd3 main lines.} Be7 9. f4 cxd4 10. cxd4 {[%emt 0:00:23] White is slightly better.} f6 11. Nf3 {[%emt 0:04:23] [#]} b5 $146 {[%emt 0:02:53] [#]} ({Black should play} 11... f5 $14) ({Predecessor:} 11... f5) 12. Bxh7 $1 $16 {[%mdl 64] Decoy} Nxd4 $2 (12... Rxh7 $16 13. Qc2 Nf8) 13. Bg6+ $18 {[%emt 0:08:48][%mdl 64] Zwischenzug} ({Not} 13. Nfxd4 Rxh7 14. Be3 (14. Nxe6 Qb6+ 15. N6d4 g6 $16) (14. Qc2 Nf8 $16) 14... Nf8 $18) 13... Kf8 14. Nexd4 ({Weaker is} 14. Qxd4 Bc5 $11) 14... Bc5 15. Be3 Qb6 16. Rc1 Ke7 {[%emt 0:02:56] [#]} 17. b4 $1 fxe5 (17... Bxd4 18. Nxd4) 18. bxc5 Qc7 19. fxe5 {[%emt 0:00:30][%cal Od4e6] Intending Nxe6! and mate.} Rf8 20. Bg5+ Nf6 21. exf6+ gxf6 22. Bh4 (22. Ne5 $142 Qxe5 23. Nc6+ Kd7 24. Nxe5+ {[%mdl 64] Pin} Kc7 25. c6 Rg8 26. Bxf6 a5 27. Qd4) 22... e5 {[%emt 0:00:35] [#]} 23. Nxe5 $1 {[%emt 0:00:27] Black did not feel at home in the position after the opening.   Weighted Error Value: White=0.05 (flawless) /Black=1.55} 1-0

[Event "CZE-ch U14 Open 2023"]
[Site "Teplice"]
[Date "2023.03.14"]
[Round "5.2"]
[White "Hrbek, Jachym"]
[Black "Zelba, Lukas"]
[Result "0-1"]
[ECO "C01"]
[WhiteElo "1824"]
[BlackElo "1912"]
[Annotator "TA"]
[PlyCount "54"]
[EventDate "2023.03.09"]
[EventType "swiss"]
[EventCountry "CZE"]
[SourceTitle "playchess.com"]
[Source "ChessBase"]
[SourceQuality "1"]
[TimeControl "40/5400+30:1800+30"]

1. e4 e6 2. d4 d5 3. exd5 exd5 4. Nf3 Bd6 5. Bd3 Nc6 6. O-O Nge7 7. Re1 Bg4 8. c3 Qd7 9. Nbd2 O-O-O 10. b4 Ng6 11. Qa4 {[%emt 0:00:47] has lost popularity (11.b5).} Kb8 {[%emt 0:05:22] C01: French: Exchange Variation.} 12. b5 Nce7 13. Ne5 $1 Bxe5 {[%emt 0:19:00] White is slightly better.} 14. dxe5 f6 ({Black should play} 14... d4 $14) 15. exf6 $16 gxf6 {[%emt 0:00:07] [#]} 16. Ba3 $146 ({White should try} 16. Nb3 $1 $16) ({Predecessor:} 16. Nb3 b6 17. Nd4 Rde8 18. Bxg6 hxg6 19. f3 Nc8 20. Bf4 Bf5 21. Nc6+ Ka8 22. Qd4 {1-0 Koykka,P (2372)-Valsecchi,A (2503) Rilton Cup 49th 2019 (2)}) 16... Nc8 $14 (16... Bf5 $2 17. Bxe7 Bxd3 18. Bxf6 $18 (18. Bxd8 Rxd8 19. Qd4 Bxb5 $16)) 17. Qd4 (17. Bf1 $5 ) 17... Ne5 18. Bf1 $1 {[%emt 0:00:55] A strong pair of Bishops.} Qf5 (18... Rhg8 $14) 19. f3 $16 Bh5 20. Kh1 ({Better is} 20. f4 $16 Nc4 21. Nxc4 dxc4 22. Qxc4) 20... Rhg8 21. g4 Bxg4 22. fxg4 Rxg4 23. Qe3 {[%emt 0:03:08] Bh3 would be deadly.} d4 24. cxd4 Rdxd4 25. Bh3 $2 {[%emt 0:03:00] [#]} (25. Rad1 $14) 25... Rxd2 $2 26. Rf1 $2 (26. Qxd2 $16 Qf3+ 27. Bg2 Qxa3 28. Qd5) 26... Qc2 $19 27. Rac1 Rxh2# {A cool game by Zelba.   Weighted Error Value: White=0.86/Black=0.38} 0-1